 Dungeon Sprint DCSS version 0.27-a0-1532-gca18f49f40 (webtiles) character file.

Game seed: 9017084084295287604

32505 mhtbhm the Hoplite (level 13, -9/128 HPs)
             Began as a Minotaur Fighter on July 12, 2021.
             Was the Champion of Qazlal.
             Splashed by an ancient lich's acid (12 damage)
             ... in the Dungeon (Sprint VII: "The Pits").
             The game lasted 00:07:00 (4170 turns).

mhtbhm the Hoplite (Minotaur Fighter)               Turns: 4170, Time: 00:07:01

Health: -9/128     AC: 27    Str: 26    XL:     13   Next: 31%
Magic:  23/23      EV: 11    Int:  5    God:    Qazlal [******]
Gold:   69         SH: 25    Dex: 10    Spells: 12/12 levels left

rFire    . . .     SeeInvis .   a - +2 morningstar (protect)
rCold    + . .     Faith    .   c - +0 kite shield
rNeg     . . .     Spirit   .   b - +4 chain mail
rPois    .         Reflect  .   (helmet restricted)
rElec    .         Harm     .   r - +0 cloak
rCorr    .         Rampage  +   (no gloves)
Will     .....     NoTele   +   A - +1 pair of boots {rampage}
Stlth    ..........             (no amulet)
HPRegen  0.31/turn              t - ring of protection from cold
MPRegen  0.18/turn              o - +3 ring of protection

@: corroded, under a protective aura, repel missiles
A: horns 2, retaliatory headbutt
a: Renounce Religion, Upheaval, Elemental Force, Disaster Area


You were in the Dungeon.
You worshipped Qazlal.
Qazlal was exalted by your worship.
You visited 1 branch You collected 69 gold pieces.

Inventory:

Hand Weapons
 a - a +2 morningstar of protection (weapon)
Missiles
 n - 7 silver javelins
 s - 15 javelins (quivered)
Armour
 b - a +4 chain mail (worn)
 c - a +0 kite shield (worn)
 r - a +0 cloak (worn)
 A - a +1 pair of boots of rampaging (worn)
Jewellery
 o - a +3 ring of protection (right hand)
 t - a ring of protection from cold (left hand)
 B - a ring of protection from fire
 E - a ring of protection from fire
Scrolls
 j - a scroll of blinking
 l - 5 scrolls of amnesia
 m - a scroll of summoning
 v - 2 scrolls of immolation
 w - a scroll of identify
 x - 3 scrolls of fog
 y - 2 scrolls of fear
 z - 2 scrolls of enchant weapon
Potions
 d - a potion of might
 e - 7 potions of curing
 f - 10 potions of heal wounds
 g - 4 potions of haste
 h - 4 potions of magic
 i - 6 potions of berserk rage
 k - 2 potions of invisibility
 p - a potion of brilliance
 q - 3 potions of mutation
 u - a potion of resistance
Miscellaneous
 C - a condenser vane
 D - a box of beasts


   Skills:
 + Level 15.7 Fighting
 + Level 17.0 Maces & Flails
 + Level 1.9 Throwing
 + Level 15.1 Armour
 + Level 7.6 Dodging
 + Level 0.1 Stealth
 + Level 23.1 Shields
 * Level 15.5 Invocations


You had 12 spell levels left.
You didn't know any spells.
Your spell library contained the following spells:

 Spells                   Type           Power      Damage    Failure   Level
 Corona                   Hex            0%         N/A       90%         1
 Ensorcelled Hibernation  Hex/Ice        0%         N/A       97%         2
 Tukima's Dance           Hex            0%         N/A       99%         3
 Animate Armour           Summ/Erth      0%         N/A       100%        4
 Summon Ice Beast         Ice/Summ       0%         N/A       100%        4
 Blade Hands              Tmut           0%         N/A       100%        5
 Summon Mana Viper        Hex/Summ       0%         N/A       100%        5
 Iron Shot                Conj/Erth      0%         9d1       100%        6
 Monstrous Menagerie      Summ           0%         N/A       100%        7


Dungeon Overview and Level Annotations

Branches:
Dungeon (1/1)

Altars:
Ashenzari
Cheibriados
Dithmenos
Elyvilon
Fedhas
Gozag
Hepliaklqana
Kikubaaqudgha
Makhleb
Nemelex Xobeh
Okawaru
Qazlal
Ru
Sif Muna
Trog
Uskayaw
Vehumet
Wu Jian
Xom
Yredelemnul
Zin
The Shining One
Beogh
Jiyva
Lugonu


Innate Abilities, Weirdness & Mutations

You have a pair of horns on your head.
You reflexively headbutt those who attack you in melee.


Message History

The ancient lich is heavily damaged.
The ancient lich points at you and mumbles some strange words.
The crystal spear hits you!!
Your limbs are stiffening.
Unknown command.
You closely miss the ancient lich. Your headbutt misses the ancient lich.
The ancient lich is heavily damaged.
The ancient lich barely misses you. You furiously retaliate!
You headbutt the ancient lich, but do no damage.
Unknown command.
You hit the ancient lich but do no damage.
The ancient lich is heavily damaged.
The ancient lich touches you but does no damage.
You have turned to stone.
The ancient lich points at you and mumbles some strange words.
You barely resist. The ancient lich touches you.
The ancient lich touches you but does no damage.
The ancient lich touches you but does no damage. x2
The ancient lich touches you.
The ancient lich touches you but does no damage. x2
You turn to flesh and can move again.
You hit the ancient lich but do no damage.
Your weapon exudes an aura of protection.
Your headbutt misses the ancient lich.
The ancient lich is moderately damaged.
The ancient lich gestures at you while chanting.
The crystal spear hits you!!!
Ouch! That really hurt!
You hit the ancient lich but do no damage.
You headbutt the ancient lich, but do no damage.
The ancient lich is moderately damaged.
Unknown command.
You impale the ancient lich!!
You headbutt the ancient lich, but do no damage.
The ancient lich is heavily damaged.
The ancient lich casts a spell at you. The bolt of acid hits you!!!
* * * LOW HITPOINT WARNING * * *
The acid corrodes you!
You are splashed with acid!
You die...

#+# #.# #L#
################@#
..)..............#
.............)○..#
+##############..#
#..# #..# #..#
#..# #..#


You could see an ancient lich.

Vanquished Creatures
  A ghost moth (D)
  An emperor scorpion (D)
  An apis (D)
  2 minotaurs (D)
  A purple draconian (D)
  An eidolon (D)
  2 great orbs of eyes (D)
  A rakshasa (D)
  A hell beast (D)
  An ogre mage (D)
  2 anacondas (D)
  4 two-headed ogres (D)
  A dancing weapon (D)
  2 death yaks (D)
  Urug (D)
  A sea snake (shapeshifter) (D)
  A swamp dragon (D)
  A spriggan druid (D)
  A bog body (D)
  A deep elf zephyrmancer (D)
  A manticore (D)
  4 harpies (D)
  An orc knight (D)
  A black mamba (D)
  A guardian serpent (D)
  An orange demon (D)
  A cane toad (D)
  A smoke demon (D)
  A freezing wraith (D)
  2 komodo dragons (D)
  An ice devil (D)
  An unseen horror (D)
  2 kobold demonologists (D)
  2 guardian mummies (D)
  A red devil (D)
  A jumping spider (D)
  2 wind drakes (D)
  2 hornets (D)
  A polar bear (D)
  A tyrant leech (D)
  5 blink frogs (D)
  A snapping turtle (D)
  2 ynoxinuls (D)
  A wraith (D)
  A tarantella (D)
  3 redbacks (D)
  A fire elemental (D)
  A wyvern (D)
  A fire bat (D)
  A neqoxec (D)
  2 steam dragons (D)
  A warg (D)
  3 acid dragons (D)
  2 floating eyes (D)
  3 orc warriors (D)
  An ice beast (D)
  3 ogres (D)
  13 wolves (D)
  A centaur (D)
  2 phantoms (D)
  A bullfrog (D)
  A gnoll sergeant (D)
  A quasit (D)
  2 orc priests (D)
  2 hounds (D)
  An iguana (D)
  Terence (D)
  An orc wizard (D)
  A hell rat (D)
  A mummy (D)
  An adder skeleton (D)
  18 orcs (D)
  A bat (D)
  2 bat zombies (D)
  A giant cockroach (D)
  A goblin (D)
  4 jackals (D)
  A quokka (D)
  A jackal skeleton (D)
  A kobold (D)
  A rat (D)
147 creatures vanquished.

Notes
Turn   | Place    | Note
-------+----------+-------------------------------------------
     0 | D        | mhtbhm the Minotaur Fighter began the quest for the Orb.
     0 | D        | Reached XP level 1. HP: 19/19 MP: 0/0
    26 | D        | Found a bloodstained altar of Trog.
    26 | D        | Found a shimmering blue altar of Sif Muna.
    26 | D        | Found a viscous altar of Jiyva.
    26 | D        | Found a hazy altar of Hepliaklqana.
    26 | D        | Found an opulent altar of Gozag.
    27 | D        | Found a glowing golden altar of the Shining One.
    27 | D        | Found a glowing silver altar of Zin.
    27 | D        | Found a basalt altar of Yredelemnul.
    27 | D        | Found a shimmering altar of Xom.
    27 | D        | Found an ornate altar of the Wu Jian Council.
    27 | D        | Found a sacrificial altar of Ru.
    27 | D        | Found a stormy altar of Qazlal.
    27 | D        | Found an iron altar of Okawaru.
    27 | D        | Found a sparkling altar of Nemelex Xobeh.
    27 | D        | Found a burning altar of Makhleb.
    27 | D        | Found a blossoming altar of Fedhas.
    27 | D        | Found a white marble altar of Elyvilon.
    27 | D        | Found a shadowy altar of Dithmenos.
    27 | D        | Found a snail-covered altar of Cheibriados.
    29 | D        | Found a radiant altar of Vehumet.
    29 | D        | Found a corrupted altar of Lugonu.
    30 | D        | Found a hide-covered altar of Uskayaw.
    30 | D        | Found an ancient bone altar of Kikubaaqudgha.
    30 | D        | Found a broken altar of Ashenzari.
    36 | D        | Became a worshipper of Qazlal Stormbringer
    78 | D        | Reached skill level 4 in Shields
    84 | D        | Reached * piety under Qazlal
    95 | D        | Noticed a phantom
    95 | D        | Noticed a floating eye
    96 | D        | Paralysed by a floating eye for 4 turns
   102 | D        | Killed a phantom
   102 | D        | Reached ** piety under Qazlal
   103 | D        | Reached skill level 6 in Shields
   103 | D        | Reached XP level 2. HP: 26/30 MP: 1/1
   103 | D        | Reached XP level 3. HP: 33/37 MP: 2/2
   103 | D        | Reached XP level 4. HP: 39/44 MP: 3/3
   104 | D        | Killed a floating eye
   105 | D        | Reached skill level 7 in Shields
   105 | D        | Reached XP level 5. HP: 46/52 MP: 3/6
   108 | D        | Reached *** piety under Qazlal
   213 | D        | Noticed a wolf
   215 | D        | Noticed a phantom
   215 | D        | Noticed Terence
   226 | D        | Reached skill level 5 in Maces & Flails
   226 | D        | Reached skill level 8 in Shields
   234 | D        | Killed a wolf
   234 | D        | Reached **** piety under Qazlal
   235 | D        | Reached skill level 9 in Shields
   235 | D        | Reached XP level 6. HP: 47/61 MP: 6/8
   243 | D        | Reached skill level 1 in Dodging
   250 | D        | Killed Terence
   251 | D        | Reached skill level 5 in Invocations
   254 | D        | Reached skill level 10 in Shields
   330 | D        | Reached XP level 7. HP: 37/69 MP: 8/10
   411 | D        | Noticed a tyrant leech
   426 | D        | Killed a tyrant leech
   426 | D        | Reached ***** piety under Qazlal
   427 | D        | Reached skill level 10 in Armour
   427 | D        | Reached skill level 11 in Shields
   610 | D        | Noticed a fire bat
   631 | D        | Reached XP level 8. HP: 77/78 MP: 12/12
   680 | D        | Noticed a death yak
   685 | D        | Reached skill level 12 in Shields
   702 | D        | Killed a death yak
   703 | D        | Reached skill level 10 in Fighting
   708 | D        | Reached XP level 9. HP: 25/85 MP: 12/14
  1023 | D        | Noticed an orc knight
  1032 | D        | Reached ****** piety under Qazlal
  1040 | D        | Reached skill level 13 in Shields
  1061 | D        | Killed an orc knight
  1324 | D        | Noticed a smoke demon
  1325 | D        | Noticed a polar bear
  1328 | D        | Killed a smoke demon
  1334 | D        | Killed a polar bear
  1342 | D        | Paralysed by a floating eye for 3 turns
  1350 | D        | Reached skill level 14 in Shields
  1430 | D        | Noticed a cane toad
  1430 | D        | Noticed an ice devil
  1436 | D        | Killed a cane toad
  1437 | D        | Reached XP level 10. HP: 95/95 MP: 16/16
  1441 | D        | Reached skill level 10 in Invocations
  1536 | D        | Noticed an anaconda
  1544 | D        | Killed an anaconda
  1545 | D        | Reached skill level 15 in Shields
  1769 | D        | Noticed a death yak
  1770 | D        | Noticed a minotaur
  1782 | D        | Killed a death yak
  1783 | D        | Reached skill level 16 in Shields
  1791 | D        | Killed a minotaur
  1804 | D        | Reached XP level 11. HP: 91/104 MP: 18/18
  1817 | D        | Noticed a bog body
  1817 | D        | Noticed a deep elf zephyrmancer
  1821 | D        | Killed a bog body
  1822 | D        | Reached skill level 17 in Shields
  1829 | D        | Killed a deep elf zephyrmancer
  2081 | D        | Reached skill level 15 in Maces & Flails
  2086 | D        | Reached skill level 18 in Shields
  2399 | D        | Noticed a minotaur
  2409 | D        | Reached skill level 5 in Dodging
  2428 | D        | Killed a minotaur
  2461 | D        | Noticed an emperor scorpion
  2493 | D        | HP: 2/107 [emperor scorpion (8)]
  2496 | D        | Killed an emperor scorpion
  2497 | D        | Reached skill level 19 in Shields
  2869 | D        | Noticed a two-headed ogre
  2870 | D        | Noticed an ogre mage
  2871 | D        | Noticed a two-headed ogre
  2872 | D        | Noticed a two-headed ogre
  2873 | D        | Noticed a two-headed ogre
  2875 | D        | Killed a two-headed ogre
  2890 | D        | Killed an ogre mage
  2890 | D        | Killed a two-headed ogre
  2891 | D        | Reached skill level 20 in Shields
  2891 | D        | Reached XP level 12. HP: 83/116 MP: 12/20
  2899 | D        | Killed a two-headed ogre
  2901 | D        | Killed a two-headed ogre
  3151 | D        | Noticed Urug
  3168 | D        | Killed Urug
  3174 | D        | Reached skill level 1 in Throwing
  3366 | D        | Noticed an apis
  3366 | D        | Noticed a hell beast
  3366 | D        | Noticed a purple draconian
  3366 | D        | Noticed an anaconda
  3391 | D        | Killed a purple draconian
  3394 | D        | Killed an anaconda
  3394 | D        | Killed a hell beast
  3395 | D        | Reached skill level 21 in Shields
  3399 | D        | Killed an apis
  3712 | D        | Noticed a rakshasa
  3715 | D        | Noticed a great orb of eyes
  3725 | D        | Killed a ghost moth
  3729 | D        | Reached skill level 15 in Fighting
  3733 | D        | Reached skill level 22 in Shields
  3737 | D        | Reached XP level 13. HP: 74/126 MP: 2/23
  3856 | D        | Reached skill level 15 in Invocations
  3875 | D        | Paralysed by a great orb of eyes for 2 turns
  3896 | D        | Paralysed by a great orb of eyes for 4 turns
  3910 | D        | Paralysed by a great orb of eyes for 7 turns
  3925 | D        | Noticed an eidolon
  3931 | D        | Reached skill level 15 in Armour
  3941 | D        | Killed an eidolon
  3942 | D        | Reached skill level 23 in Shields
  4152 | D        | Noticed an ancient lich
  4170 | D        | HP: 3/128 [ancient lich/bolt of acid (46)]
  4170 | D        | Splashed by an ancient lich's acid

Illustrated notes

Levels and vault maps discovered:
D:        pitsprint [storerooms_1, entrance_room_1, metal_vault_1, armoury_2,
          mini_pit_1, grid_room_1, main_hall_1, silver_pit, the_coven_1,
          the_vestibule_1, steel_vault_4, golden_pit, hallway_of_sentries,
          crystal_vault_3, iron_vault_2, final_vault]

Skill      XL: |  1  2  3  4  5  6  7  8  9 10 11 12 13 |
---------------+----------------------------------------+-----
Fighting       | 6 7 8 9 10 11 12 13 15 | 15.7
Armour         | 6 7 8 9 10 12 13 14 15 | 15.1
Shields        | 6 7 9 10 11 12 14 16 20 22 23 | 23.1
Maces & Flails | 4 5 7 9 11 13 14 15 16 17 | 17.0
Invocations    | 2 4 5 6 8 9 11 13 14 15 | 15.5
Dodging        | 1 2 3 4 5 7 |  7.6
Throwing       | 1 |  1.9
Stealth        | |  0.1

Action                   |  1- 3 |  4- 6 |  7- 9 | 10-12 | 13-15 || total
-------------------------+-------+-------+-------+-------+-------++-------
Melee: Mace              |    14 |     7 |       |       |       ||    21
       Headbutt          |     2 |    12 |    30 |    59 |    31 ||   134
       Flail             |     1 |    41 |   128 |   290 |    90 ||   550
       Morningstar       |       |       |       |       |    10 ||    10
Throw: Javelin           |       |       |       |     3 |       ||     3
Invok: Disaster Area     |       |       |       |     4 |     1 ||     5
       Upheaval          |       |       |       |     1 |       ||     1
  Use: Potion            |       |       |       |     5 |     1 ||     6
       Scroll            |       |       |       |     1 |       ||     1
Armor: Scale mail        |     5 |       |       |       |       ||     5
       Chain mail        |       |    39 |    24 |   131 |    34 ||   228
Dodge: Dodged            |     6 |    17 |    24 |    36 |    10 ||    93
       Repelled          |       |       |     1 |       |       ||     1
Block: Kite shield       |     5 |    67 |   115 |   320 |    74 ||   581

Table legend: (Time is in decaauts)
 A = Elapsed time spent in this place.
 B = Non-inter-level travel time spent in this place.
 C = Inter-level travel time spent in this place.
 D = Time resting spent in this place.
 E = Time spent auto-exploring this place.
 F = Levels seen in this place.
 G = Mean time per level.
                   A        B        C        D        E       F      G
               +--------+--------+--------+--------+--------+-----+--------+
         Total |   4074 |   4074 |      0 |   2286 |    383 |   1 | 4074.0 |
       Dungeon |   4074 |   4074 |      0 |   2286 |    383 |   1 | 4074.0 |
               +--------+--------+--------+--------+--------+-----+--------+

Top non-repeatable levels by time:
       D: 4074 daAuts
